 Dungeon Crawl Stone Soup version 0.31.0-32-g396128a36d (webtiles) character file.

Game seed: 15044687798339971438

6433 Xaerxx the Grappler (level 10, 0/81 HPs)
             Began as a Green Draconian Monk on Apr 5, 2024.
             Was a Priest of Wu Jian.
             Slain by a yak (4 damage)
             ... on level 10 of the Dungeon on Apr 8, 2024.
             The game lasted 00:40:12 (9755 turns).

Xaerxx the Grappler (Green Draconian Monk)          Turns: 9755, Time: 00:40:14

Health: 0/81       AC: 11    Str: 18    XL:     10   Next: 67%
Magic:  10/10      EV: 15    Int: 11    God:    Wu Jian [***...]
Gold:   645        SH:  0    Dex: 13    Spells: 9/9 levels left

rFire   . .          .
                       - Unarmed
rCold   . . .        b - orb {light}
rNeg    + . .        (body armour unavailable)
rPois   +            (helmet restricted)
rElec   .            (no cloak)
rCorr   .            l - +1 pair of gloves
SInv    .            v - +1 pair of boots
Will    .....        (no amulet)
Stlth   +            C - ring of positive energy
HPRegen 0.33/turn    (no ring)
MPRegen 0.12/turn

%: no passive effects
@: glowing
A: breathe noxious fumes, AC +7, unfitting armour, poison resistance,
cold-blooded
a: Breathe Noxious Fumes, Renounce Religion, Wall Jump, Serpent's Lash


You were on level 10 of the Dungeon.
You worshipped Wu Jian.
Wu Jian was most pleased with you.
You visited 2 branches of the dungeon, and saw 12 of its levels.
You also visited: Sewer.

You collected 645 gold pieces.

Inventory:

Armour
 b - an orb of light (worn)
 l - a +1 pair of gloves (worn)
 v - a +1 pair of boots (worn)
Jewellery
 h - a ring of fire
 C - a ring of positive energy (left hand)
Talismans
 u - a beast talisman
Wands
 n - a wand of iceblast (1)
 o - a wand of polymorph (9)
 B - a wand of charming (7)
 D - a wand of flame (10)
Scrolls
 e - 4 scrolls of identify
 j - 4 scrolls of teleportation
 q - 2 scrolls of fear
 y - a scroll of torment
 z - 2 scrolls of poison
 F - 2 scrolls of enchant weapon
Potions
 a - a potion of ambrosia
 c - 2 potions of attraction {unknown}
 d - 4 potions of curing
 f - 3 potions of heal wounds
 g - a potion of brilliance {unknown}
 i - 2 potions of invisibility {unknown}
 k - 2 potions of haste
 m - 2 potions of degeneration {unknown}
 p - 3 potions of mutation
 r - 2 potions of cancellation {unknown}
 s - a potion of magic {unknown}
 t - a potion of enlightenment {unknown}
 x - 2 potions of berserk rage


   Skills:
 + Level 5.1 Fighting
 + Level 7.2 Dodging
 + Level 14.3 Unarmed Combat


You had 9 spell levels left.
You didn't know any spells.
Your spell library contained the following spells:

 Spells                   Type           Power      Damage    Failure   Level
 Shock                    Conj/Air       0%         1d3       34%         1
 Sting                    Conj/Alch      0%         1d3       34%         1
 Cigotuvi's Dreadful Rot  Necr/Alch/Air  0%         N/A       47%         2
 Mercury Vapours          Alch/Air       0%         N/A       47%         2
 Sublimation of Blood     Necr           0%         N/A       47%         2
 Frozen Ramparts          Ice            0%         1d1       71%         3
 Fugue of the Fallen      Necr           0%         N/A       71%         3
 Inner Flame              Hex/Fire       0%         N/A       71%         3
 Mephitic Cloud           Conj/Alch/Air  0%         N/A       71%         3
 Ozocubu's Armour         Ice            0%         N/A       71%         3
 Swiftness                Air            0%         N/A       71%         3
 Tukima's Dance           Hex            0%         N/A       71%         3
 Airstrike                Air            0%         2d(0-16)  98%         4
 Dispel Undead            Necr           0%         3d6       98%         4
 Flame Wave               Conj/Fire      0%         2d4       98%         4
 Fulminant Prism          Conj/Alch      0%         3d5       98%         4
 Manifold Assault         Tloc           0%         N/A       98%         4
 Martyr's Knell           Necr/Summ      0%         N/A       98%         4
 Olgreb's Toxic Radiance  Alch           0%         N/A       98%         4
 Petrify                  Alch/Erth      0%         N/A       98%         4
 Sticky Flame             Fire/Alch      0%         2d4       98%         4
 Summon Lightning Spire   Summ/Air       0%         N/A       98%         4
 Freezing Cloud           Conj/Ice/Air   0%         6-21      100%        5
 Irradiate                Conj/Alch      0%         3d11      100%        5
 Summon Forest            Summ/Tloc      0%         N/A       100%        5
 Death Channel            Necr           0%         N/A       100%        6
 Eringya's Noxious Bog    Alch           0%         4d6       100%        6
 Summon Hydra             Summ           0%         N/A       100%        7


Dungeon Overview and Level Annotations

Branches:
Dungeon (11/15)            Temple (1/1) D:5            Lair (0/5) D:9
  Sewer (visited)
    Orc: D:9-12

Altars:
Ashenzari
Cheibriados
Dithmenos
Elyvilon
Fedhas
Gozag
Hepliaklqana
Makhleb
Nemelex Xobeh
Okawaru
Qazlal
Ru
Sif Muna
Trog
Uskayaw
Vehumet
Wu Jian
Yredelemnul
Zin
The Shining One

Shops:
D:2 *

Annotations:
D:6 1 runed translucent door, thoas's ghost, novice GrFi


Innate Abilities, Weirdness & Mutations

You can breathe blasts of noxious fumes.
Your lurid green scales are hard. (AC +7)
You cannot fit into any form of body armour.
Your system is resistant to poisons. (rPois)
You are cold-blooded and may be slowed by cold attacks.


Message History

You catch the helpless yak completely off-guard!
You hit the yak but do no damage.
The yak is heavily wounded.
You spin and attack the two-headed ogre repeatedly.
You hit the two-headed ogre.
The two-headed ogre is moderately wounded.
You strike the helpless two-headed ogre from behind!
You punch the two-headed ogre!
The two-headed ogre is moderately wounded.
The two-headed ogre barely misses you.
The two-headed ogre hits you with a +0 giant club!
The yak closely misses you.
You see here a yak corpse.
You catch the helpless yak completely off-guard!
You hit the yak.
The yak is heavily wounded.
You hit the yak but do no damage. You tail-slap the yak.
The yak is heavily wounded.
The yak seems less confused.
The two-headed ogre misses you. x2
The yak barely misses you.
You barely miss the yak.
The yak is heavily wounded.
The two-headed ogre seems less confused.
The yak closely misses you. The yak gores you! The yak gores you.
The yak gores itself!
You spin and attack the two-headed ogre.
You hit the two-headed ogre but do no damage.
The two-headed ogre is moderately wounded.
The two-headed ogre hits you with a +0 giant spiked club.
The two-headed ogre closely misses you.
The yak snorts and paws the ground.
You see here a yak corpse.
The air fills with toxic fumes!
As you read the scroll of poison, it crumbles to dust.
You have got your breath back.
The two-headed ogre hits you with a +0 giant spiked club!!
* * * LOW HITPOINT WARNING * * *
The two-headed ogre barely misses you. The yak barely misses you.
The yak barely misses the yak.
The yak gores you.
You die...

..#####'####+ O...........
########........§..
+.§§...# ......§§..
#.§§§..# ....§§§ #.§§§§.#
..§§
#######.§§§§§#####§####
#.......§§§§§§§§Y§§§§§#
#.......§§§§§§§@Y§§§§§#
#.......§§§§§§§O§Y§§§§#
###..##.##§§§##§##§§§##
####..##'###+###§###+######
..........#....§§§........#
..........#....§§§........#
..........#....§§§........#
..##################'###.##
###....................###


You could see a two-headed ogre and 3 yaks.

Vanquished Creatures
  A komodo dragon (D:9)
  A troll (D:10)
  6 yaks
  Eustachio (D:4)
  3 wyverns (D:9)
  5 water moccasins
  A sky beast (D:6)
  2 ice beasts (D:7)
  2 black bears
  2 orc warriors
  4 ogres
  3 centaurs
  A crocodile (Sewer)
  A phantom (D:5)
  4 kobold brigands
  7 bullfrogs
  A brain worm (Sewer)
  A gnoll sergeant (D:7)
  4 scorpions
  8 wights (D:8)
  4 killer bees (D:8)
  3 howler monkeys (D:8)
  A bombardier beetle (D:6)
  2 hounds (D:6)
  An orc priest (D:7)
  A jelly (D:8)
  2 iguanas (D:7)
  9 orc wizards
  7 gnolls
  2 river rats (Sewer)
  18 adders
  8 ufetubi
  2 dart slugs
  17 orcs
  11 ball pythons
  2 endoplasms
  6 giant cockroaches
  5 goblins
  4 hobgoblins
  12 jackals
  4 quokkas
  17 bats
  4 frilled lizards
  9 kobolds
  4 rats
213 creatures vanquished.

Notes
Turn   | Place    | Note
-------+----------+-------------------------------------------
     0 | D:1      | Xaerxx the Draconian Monk began the quest for the Orb.
     0 | D:1      | Reached XP level 1. HP: 19/19 MP: 1/1
   242 | D:1      | Reached XP level 2. HP: 25/26 MP: 2/2
   642 | D:2      | Found Haepsergh's Assorted Antiques.
   645 | D:2      | Reached XP level 3. HP: 33/33 MP: 3/3
  1018 | D:2      | Reached skill level 4 in Unarmed Combat
  1485 | D:3      | Reached XP level 4. HP: 40/40 MP: 4/4
  1642 | D:3      | Found a faded altar of an unknown god.
  1755 | D:3      | Found an opulent altar of Gozag.
  2237 | D:4      | Noticed Eustachio
  2298 | D:4      | Killed Eustachio
  2299 | D:4      | Reached skill level 5 in Unarmed Combat
  2299 | D:4      | Reached XP level 5. HP: 33/46 MP: 5/5
  2299 | D:4      | Reached XP level 6. HP: 37/52 MP: 6/6
  2542 | D:4      | Found a glowing drain.
  2561 | Sewer    | Entered a sewer
  2586 | Sewer    | Reached skill level 6 in Unarmed Combat
  2990 | Sewer    | Reached skill level 7 in Unarmed Combat
  2990 | Sewer    | Your scales start taking on a lurid green colour.
  2990 | Sewer    | Reached XP level 7. HP: 43/58 MP: 7/7
  2990 | Sewer    | Gained mutation: Your system is resistant to poisons.
                  | (rPois) [Green Draconian growth]
  3804 | D:4      | Found an iron altar of Okawaru.
  3887 | D:4      | Found a glowing golden altar of the Shining One.
  4192 | D:4      | Found a shadowy altar of Dithmenos.
  4320 | D:5      | Entered Level 5 of the Dungeon
  4328 | D:5      | Reached skill level 8 in Unarmed Combat
  4431 | D:5      | Reached XP level 8. HP: 65/66 MP: 8/8
  4549 | D:5      | Found a staircase to the Ecumenical Temple.
  4588 | Temple   | Entered the Ecumenical Temple
  4646 | Temple   | Became a worshipper of the Wu Jian Council
  4646 | Temple   | Reached * piety under Wu Jian
  4646 | Temple   | Reached ** piety under Wu Jian
  4675 | D:5      | Reached skill level 5 in Dodging
  4683 | D:5      | HP: 2/66 [ogre/+0 giant club (14)]
  4690 | D:5      | Reached skill level 9 in Unarmed Combat
  4906 | D:5      | Found a bloodstained altar of Trog.
  5088 | D:5      | Found a blossoming altar of Fedhas.
  5775 | D:6      | Found a runed translucent door.
  5778 | D:6      | Noticed thoas's ghost (novice GrFi)
  5820 | D:6      | Reached skill level 10 in Unarmed Combat
  6422 | D:7      | Reached XP level 9. HP: 57/72 MP: 9/9
  6491 | D:7      | Got the Secrets of Ice and Contamination
  6737 | D:7      | Reached skill level 11 in Unarmed Combat
  7345 | D:8      | Reached skill level 12 in Unarmed Combat
  7694 | D:8      | Reached *** piety under Wu Jian
  7924 | D:8      | Reached XP level 10. HP: 59/80 MP: 10/10
  8010 | D:8      | Found a burning altar of Makhleb.
  8023 | D:8      | Got the Anthology of Hexing Allies
  8049 | D:8      | Reached skill level 5 in Fighting
  8585 | D:9      | Reached skill level 13 in Unarmed Combat
  8646 | D:9      | Found a staircase to the Lair.
  9402 | D:10     | Entered Level 10 of the Dungeon
  9426 | D:10     | Reached skill level 14 in Unarmed Combat
  9533 | D:10     | You fall into a shaft and drop 1 floor!
  9730 | D:10     | Noticed a two-headed ogre
  9755 | D:10     | HP: 4/81 [two-headed ogre/+0 giant spiked club (23)]
  9755 | D:10     | Slain by a yak

Illustrated notes

Levels and vault maps discovered:
D:1:      eino_arrival_water_star, layout_loops_ring
D:2:      layout_rooms, serial_shops, nicolae_shop_pleasant_corner_grove
D:3:      layout_loops_ring, nicolae_gozag_cash_rules_everything_around_me,
          hellmonk_ecumenical_altar_inner_sanctum, serial_aquarium,
          aquarium_bridge_long_separate [aquarium_subvault_wall,
          aquarium_subvault_wall, aquarium_subvault_bridge,
          aquarium_subvault_bridge, aquarium_subvault_window,
          aquarium_subvault_window], aquarium_window_3, aquarium_window_double,
          aquarium_window_corner, aquarium_window_1, aquarium_view_2e,
          aquarium_view_2e, aquarium_balcony_5b, kennysheep_generic_room_8
D:4:      layout_loops_corners, okawaru_metal_pillars_1_2,
          mainiacjoe_overflow_swirl, gup_sewer_entry_glass, uniq_eustachio
D:5:      layout_rooms, lemuel_coloured_pillars_altar,
          nicolae_overflow_crystal_walls, minmay_temple_entry_gardened_gates
D:6:      layout_rooms, hellmonk_ghost_happy_afterlife,
          nicolae_fountain_basement
D:7:      layout_rooms, reono_crystal_passage, minivault_24
D:8:      old_forge, layout_basic, mainiacjoe_overflow_small_starburst,
          minmay_fountain_box
D:9:      layout_loops_ring, due_lair_maze_entry_diamond,
          kennysheep_generic_room_7
D:10:     lemuel_insect_pit, layout_gridville, mainiacjoe_overflow_big_doors,
          uniq_joseph
D:11:     layout_roguey, maelrawn_ghost_gauntlet_escape, st_stairs_3
Temple:   nicolae_temple_god_jail

Skill      XL: |  1  2  3  4  5  6  7  8  9 10 |
---------------+-------------------------------+-----
Dodging        | 3 4 5 6 7 |  7.2
Unarmed Combat | 4 5 7 8 10 12 14 | 14.3
Fighting       | 4 5 |  5.1

Action                     |  1- 3 |  4- 6 |  7- 9 | 10-12 || total
---------------------------+-------+-------+-------+-------++-------
  Melee: Unarmed           |   121 |   170 |   336 |   125 ||   752
         Tailslap          |    12 |    26 |    59 |    25 ||   122
 Invoke: Serpent's Lash    |       |       |       |     1 ||     1
Ability: Breathe Noxious F |       |       |    11 |     4 ||    15
         Lunge             |       |       |    17 |    13 ||    30
         Whirlwind         |       |       |     3 |     8 ||    11
  Evoke: Wand              |       |     1 |       |       ||     1
    Use: Scroll            |     4 |     4 |     5 |     5 ||    18
         Potion            |       |     1 |     2 |       ||     3
   Stab: Confused          |       |       |     7 |     8 ||    15
 Armour: Skin              |    74 |    67 |   177 |    60 ||   378
  Dodge: Dodged            |    98 |   116 |   230 |    59 ||   503
